ESL (28 & UNDER)
BUFFALO LIGHTSABRES @ RIO GRANDE RATTLESNAKE
08/21/2027
 
TOP OF THE 1ST
Buffalo LightSabres batting - Pitching for Rio Grande Rattlesnake : RHP Curt Watkins
Pitching: RHP Curt Watkins
Batting: RHB Tex Badger 0-0: Called Strike
0-1: Ball
1-1: Swinging Strike
1-2: Fly out, F7 (Line Drive, 7D)
Batting: SHB Jason Mason 0-0: SINGLE (Flyball, 8LS)
Batting: RHB Júlio López 0-0: Ball
1-0: Foul Ball, location: 2F
1-1: Ball
2-1: DOUBLE (Line Drive, 8RM)
Jason Mason to third
Batting: SHB Barrett Bowden 0-0: Called Strike
0-1: Ball
1-1: Ball
2-1: Ball
3-1: Foul Ball, location: 2F
3-2: Strikes out swinging
Batting: LHB Zack Payton 0-0: Ball
1-0: Called Strike
1-1: Foul Ball, location: 2F
1-2: Foul Ball, location: 2F
1-2: Strikes out swinging
Top of the 1st over - 0 run(s), 2 hit(s), 0 error(s), 2 left on base; Buffalo 0 - Rio Grande 0
BOTTOM OF THE 1ST
Rio Grande Rattlesnake batting - Pitching for Buffalo LightSabres : RHP Pat Monroe
Pitching: RHP Pat Monroe
Batting: SHB William Daly 0-0: Foul Ball, location: 2F
0-1: Ball
1-1: Foul Ball, location: 2F
1-2: SINGLE (Line Drive, 6MD)
Batting: RHB Jeff Bane 0-0: Ball
1-0: Ball
2-0: Ground out 5-3 (Groundball, 56S)
William Daly to second
Batting: RHB Liangde Que 0-0: Ball
1-0: Ball
2-0: DOUBLE (Line Drive, 78D)
William Daly scores
Batting: RHB Miguel Hernández 0-0: Called Strike
0-1: Called Strike
0-2: Strikes out swinging
Batting: RHB Rafael Carreón 0-0: Foul Ball, location: 2F
0-1: Called Strike
0-2: Ball
1-2: Strikes out swinging
Bottom of the 1st over - 1 run(s), 2 hit(s), 0 error(s), 1 left on base; Buffalo 0 - Rio Grande 1
TOP OF THE 2ND
Buffalo LightSabres batting - Pitching for Rio Grande Rattlesnake : RHP Curt Watkins
Batting: SHB Javier Jiménez 0-0: Called Strike
0-1: Called Strike
0-2: Strikes out swinging
Batting: RHB Donato Gozende 0-0: Ball
1-0: Called Strike
1-1: Swinging Strike
1-2: Ball
2-2: Foul Ball, location: 2F
2-2: Foul Ball, location: 2F
2-2: Ball
3-2: Base on Balls
Batting: RHB Armando Gusmán 0-0: Foul Ball, location: 2F
0-1: Ball
1-1: Foul Ball, location: 2F
1-2: Fielders Choice at 2nd, 6-4 (Groundball, 6)
Batting: RHB Merlin Morris 0-0: Ball
1-0: Ball
2-0: Foul Ball, location: 2F
2-1: Fly out, F7 (Flyball, 7)
Top of the 2nd over - 0 run(s), 0 hit(s), 0 error(s), 1 left on base; Buffalo 0 - Rio Grande 1
BOTTOM OF THE 2ND
Rio Grande Rattlesnake batting - Pitching for Buffalo LightSabres : RHP Pat Monroe
Batting: RHB Iván De Jesús 0-0: Ball
1-0: SINGLE (Flyball, 9LS)
Batting: RHB Doug Delaney 0-0: Called Strike
0-1: Ball
1-1: Ball
2-1: Foul Ball, location: 2F
2-2: Foul Ball, location: 2F
2-2: Ball
3-2: Foul Ball, location: 2F
3-2: SINGLE (Flyball, 8LS)
Iván De Jesús to second
Batting: SHB Brian Moyer 0-0: Foul Ball, location: 2F
0-1: Fly out, F8 (Flyball, 78D)
Batting: SHB Jeremy Holmes 0-0: Foul Ball, location: 2F
0-1: Hit by Pitch
Iván De Jesús to third
Doug Delaney to second
Pinch Runner at 1st Geomar Dalsoglio:
Batting: SHB William Daly 0-0: Ball
1-0: Ball
2-0: Ball
3-0: Called Strike
3-1: Called Strike
3-2: Grounds into double play, 4-6-3 (Groundball, 4)
Bottom of the 2nd over - 0 run(s), 2 hit(s), 0 error(s), 2 left on base; Buffalo 0 - Rio Grande 1
TOP OF THE 3RD
Buffalo LightSabres batting - Pitching for Rio Grande Rattlesnake : RHP Curt Watkins
Now at SS: Geomar Dalsoglio
Batting: RHB Tex Badger 0-0: SINGLE (Line Drive, 5D)
Batting: SHB Jason Mason 0-0: Ball
1-0: Foul Ball, location: 2F
1-1: Ball
2-1: Foul Ball, location: 2F
2-2: Ball
3-2: Foul Ball, location: 2F
3-2: Hit by Pitch
Tex Badger to second
Batting: RHB Júlio López 0-0: Called Strike
0-1: Ball
1-1: Ball
2-1: Ball
3-1: Base on Balls
Tex Badger to third
Jason Mason to second
Batting: SHB Barrett Bowden 0-0: Ball
1-0: Ball
2-0: Foul Ball, location: 2F
2-1: Foul Ball, location: 2F
2-2: Ball
3-2: Grounds into fielders choice 1-2 (Groundball, P)
Jason Mason to third
Júlio López to second
Batting: LHB Zack Payton 0-0: Called Strike
0-1: Ball
1-1: Grounds into double play, 4-6-3 (Groundball, 4)
Top of the 3rd over - 0 run(s), 1 hit(s), 0 error(s), 2 left on base; Buffalo 0 - Rio Grande 1
BOTTOM OF THE 3RD
Rio Grande Rattlesnake batting - Pitching for Buffalo LightSabres : RHP Pat Monroe
Batting: RHB Jeff Bane 0-0: Ball
1-0: Foul Ball, location: 2F
1-1: SINGLE (Line Drive, 9LS)
Batting: RHB Liangde Que 0-0: Called Strike
0-1: Ball
1-1: Ball
2-1: Fly out, F8 (Flyball, 8LD)
Runner from 1st tags up, OUT at 2nd
Batting: RHB Miguel Hernández 0-0: Ball
1-0: Ball
2-0: Ball
3-0: Base on Balls
Batting: RHB Rafael Carreón 0-0: Ball
1-0: Fly out, F5 (Popup, 5L)
Bottom of the 3rd over - 0 run(s), 1 hit(s), 0 error(s), 1 left on base; Buffalo 0 - Rio Grande 1
TOP OF THE 4TH
Buffalo LightSabres batting - Pitching for Rio Grande Rattlesnake : RHP Curt Watkins
Batting: SHB Javier Jiménez 0-0: Ball
1-0: Foul Ball, location: 2F
1-1: Swinging Strike
1-2: Strikes out swinging
Batting: RHB Donato Gozende 0-0: Ball
1-0: Called Strike
1-1: Swinging Strike
1-2: Strikes out swinging
Batting: RHB Armando Gusmán 0-0: Ball
1-0: Called Strike
1-1: Ball
2-1: Ball
3-1: Base on Balls
Batting: RHB Merlin Morris 0-0: Ball
1-0: Called Strike
1-1: Ball
2-1: Fly out, F6 (Popup, 6MD)
Top of the 4th over - 0 run(s), 0 hit(s), 0 error(s), 1 left on base; Buffalo 0 - Rio Grande 1
BOTTOM OF THE 4TH
Rio Grande Rattlesnake batting - Pitching for Buffalo LightSabres : RHP Pat Monroe
Batting: RHB Iván De Jesús 0-0: Called Strike
0-1: Ball
1-1: Foul Ball, location: 2F
1-2: Foul Ball, location: 2F
1-2: Fly out, F7 (Flyball, 7LM)
Batting: RHB Doug Delaney 0-0: Swinging Strike
0-1: Called Strike
0-2: Ball
1-2: Ball
2-2: SINGLE (Flyball, 89S)
Batting: SHB Brian Moyer 0-0: Ball
1-0: Swinging Strike
1-1: Ball
2-1: Ball
3-1: Called Strike
3-2: Ground out 4-3 (Groundball, 4)
Doug Delaney to second
Batting: RHB Geomar Dalsoglio 0-0: Ball
1-0: Swinging Strike
1-1: Foul Ball, location: 2F
1-2: Ground out 6-3 (Groundball, 56)
Bottom of the 4th over - 0 run(s), 1 hit(s), 0 error(s), 1 left on base; Buffalo 0 - Rio Grande 1
TOP OF THE 5TH
Buffalo LightSabres batting - Pitching for Rio Grande Rattlesnake : RHP Curt Watkins
Batting: RHB Tex Badger 0-0: Foul Ball, location: 2F
0-1: Swinging Strike
0-2: Strikes out looking
Batting: SHB Jason Mason 0-0: Called Strike
0-1: Foul Ball, location: 2F
0-2: Ground out 6-3 (Groundball, 6)
Batting: RHB Júlio López 0-0: Called Strike
0-1: Ball
1-1: Ball
2-1: Ball
3-1: Called Strike
3-2: DOUBLE (Line Drive, 9LM)
Batting: SHB Barrett Bowden 0-0: Foul Ball, location: 2F
0-1: Called Strike
0-2: Ball
1-2: Ball
2-2: Ball
3-2: Foul Ball, location: 2F
3-2: Foul Ball, location: 2F
3-2: Base on Balls
Pitching: RHP Brendan Green
Batting: LHB Zack Payton 0-0: Ball
1-0: Swinging Strike
1-1: SINGLE (Groundball, 4MD)
Júlio López to third
Barrett Bowden to second
Runner from 3rd tries for Home, SAFE, no throw
Batting: SHB Javier Jiménez 0-0: Ball
1-0: Ball
2-0: Ball
3-0: Called Strike
3-1: Ground out 6-3 (Groundball, 6M)
Top of the 5th over - 1 run(s), 2 hit(s), 0 error(s), 2 left on base; Buffalo 1 - Rio Grande 1
BOTTOM OF THE 5TH
Rio Grande Rattlesnake batting - Pitching for Buffalo LightSabres : RHP Pat Monroe
Batting: SHB William Daly 0-0: Ball
1-0: Foul Ball, location: 2F
1-1: Ball
2-1: Foul Ball, location: 2F
2-2: Ball
3-2: Ground out 5-3 (Groundball, 56)
Batting: RHB Jeff Bane 0-0: Called Strike
0-1: Ball
1-1: Foul Ball, location: 2F
1-2: Fly out, F4 (Line Drive, 34)
Batting: RHB Liangde Que 0-0: Foul Ball, location: 2F
0-1: Ground out 6-3 (Groundball, 6)
Bottom of the 5th over - 0 run(s), 0 hit(s), 0 error(s), 0 left on base; Buffalo 1 - Rio Grande 1
TOP OF THE 6TH
Buffalo LightSabres batting - Pitching for Rio Grande Rattlesnake : RHP Brendan Green
Batting: RHB Donato Gozende 0-0: Foul Ball, location: 2F
0-1: Ball
1-1: Ball
2-1: Ball
3-1: Base on Balls
Batting: RHB Armando Gusmán 0-0: Foul Ball, location: 2F
0-1: Called Strike
0-2: Foul Ball, location: 2F
0-2: Ball
1-2: Foul Ball, location: 2F
1-2: Strikes out swinging
Batting: RHB Merlin Morris 0-0: Called Strike
0-1: Foul Ball, location: 2F
0-2: Ball
1-2: Ball
2-2: Ground out 6-3 (Groundball, 6S)
Donato Gozende to second
Batting: RHB Tex Badger 0-0: Called Strike
0-1: Ball
1-1: Ground out 6-3 (Groundball, 6M)
Top of the 6th over - 0 run(s), 0 hit(s), 0 error(s), 1 left on base; Buffalo 1 - Rio Grande 1
BOTTOM OF THE 6TH
Rio Grande Rattlesnake batting - Pitching for Buffalo LightSabres : RHP Pat Monroe
Pitching: RHP Ángel Uribe
Batting: RHB Miguel Hernández 0-0: Ball
1-0: SOLO HOME RUN (Flyball, 7D), Distance : 358 ft
Batting: RHB Rafael Carreón 0-0: Called Strike
0-1: Ball
1-1: Ball
2-1: Ball
3-1: Foul Ball, location: 2F
3-2: SOLO HOME RUN (Flyball, 7D), Distance : 350 ft
Pitching: RHP Esteban Muńóz
Batting: RHB Iván De Jesús 0-0: Called Strike
0-1: Ball
1-1: Ball
2-1: Foul Ball, location: 2F
2-2: SINGLE (Groundball, 4MD)
Batting: RHB Doug Delaney 0-0: Ball
1-0: Ball
2-0: Foul Ball, location: 2F
2-1: Grounds into double play, 4-6-3 (Groundball, 4M)
Batting: SHB Brian Moyer 0-0: Called Strike
0-1: Ball
1-1: Ball
2-1: Foul Ball, location: 2F
2-2: Ball
3-2: Base on Balls
Batting: RHB Geomar Dalsoglio 0-0: Called Strike
0-1: Called Strike
0-2: Ball
1-2: Ground out 6-3 (Groundball, 6D)
Bottom of the 6th over - 2 run(s), 3 hit(s), 0 error(s), 1 left on base; Buffalo 1 - Rio Grande 3
TOP OF THE 7TH
Buffalo LightSabres batting - Pitching for Rio Grande Rattlesnake : RHP Brendan Green
Batting: SHB Jason Mason 0-0: Swinging Strike
0-1: Foul Ball, location: 2F
0-2: Fly out, F9 (Flyball, 89S)
Batting: RHB Júlio López 0-0: Called Strike
0-1: Ball
1-1: Ground out 5-3 (Groundball, 56S)
Batting: SHB Barrett Bowden 0-0: Ball
1-0: Ball
2-0: Called Strike
2-1: Ball
3-1: Base on Balls
Batting: LHB Zack Payton 0-0: Called Strike
0-1: Ball
1-1: Ball
2-1: Swinging Strike
2-2: Ball
Barrett Bowden is caught stealing 2nd base
Top of the 7th over - 0 run(s), 0 hit(s), 0 error(s), 0 left on base; Buffalo 1 - Rio Grande 3
BOTTOM OF THE 7TH
Rio Grande Rattlesnake batting - Pitching for Buffalo LightSabres : RHP Esteban Muńóz
Batting: SHB William Daly 0-0: Called Strike
0-1: Called Strike
0-2: Ball
1-2: Ball
2-2: Ground out 1-3 (Groundball, 15S)
Batting: RHB Jeff Bane 0-0: Ball
1-0: Ball
2-0: Ball
3-0: Called Strike
3-1: Called Strike
3-2: Foul Ball, location: 2F
3-2: Foul Ball, location: 2F
3-2: Base on Balls
Batting: RHB Liangde Que 0-0: Ball
Jeff Bane is caught stealing 2nd base
1-0: Called Strike
1-1: Swinging Strike
1-2: Strikes out looking
Bottom of the 7th over - 0 run(s), 0 hit(s), 0 error(s), 0 left on base; Buffalo 1 - Rio Grande 3
TOP OF THE 8TH
Buffalo LightSabres batting - Pitching for Rio Grande Rattlesnake : RHP Brendan Green
Batting: LHB Zack Payton 0-0: Ball
1-0: Ball
2-0: SINGLE (Groundball, 56D)
Pitching: RHP Adrián Mora
Batting: SHB Javier Jiménez 0-0: Swinging Strike
0-1: Ball
1-1: Swinging Strike
1-2: Ball
2-2: Foul Ball, location: 2F
2-2: Strikes out looking
Batting: RHB Donato Gozende 0-0: Swinging Strike
0-1: Ball
1-1: Foul Ball, location: 2F
1-2: Foul Ball, location: 2F
1-2: Strikes out swinging
Batting: RHB Armando Gusmán 0-0: Fly out, F8 (Line Drive, 8RM)
Top of the 8th over - 0 run(s), 1 hit(s), 0 error(s), 1 left on base; Buffalo 1 - Rio Grande 3
BOTTOM OF THE 8TH
Rio Grande Rattlesnake batting - Pitching for Buffalo LightSabres : RHP Esteban Muńóz
Batting: RHB Miguel Hernández 0-0: Called Strike
0-1: Ball
1-1: Ball
2-1: Ball
3-1: Base on Balls
Batting: RHB Rafael Carreón 0-0: Foul Ball, location: 2F
0-1: Ball
1-1: Called Strike
1-2: Strikes out swinging
Batting: RHB Iván De Jesús 0-0: Ball
1-0: Ball
Miguel Hernández steals 2nd base
2-0: Intentional Walk
Pinch Hitting: RHB Hollis Wood 0-0: Called Strike
0-1: Swinging Strike
0-2: Grounds into double play, 6-4-3 (Groundball, 56)
Bottom of the 8th over - 0 run(s), 0 hit(s), 0 error(s), 1 left on base; Buffalo 1 - Rio Grande 3
TOP OF THE 9TH
Buffalo LightSabres batting - Pitching for Rio Grande Rattlesnake : RHP Adrián Mora
Pitching: RHP Frank Martin
Now in LF: Juan López
Batting: RHB Merlin Morris 0-0: Ball
1-0: Swinging Strike
1-1: Called Strike
1-2: Strikes out swinging
Batting: RHB Tex Badger 0-0: SINGLE (Groundball, 6D)
Pinch Hitting: LHB Rob Davidson 0-0: Swinging Strike
0-1: Swinging Strike
0-2: Strikes out looking
Batting: RHB Júlio López 0-0: Called Strike
0-1: Fielders Choice at 2nd, 5-4 (Groundball, 56)
Top of the 9th over - 0 run(s), 1 hit(s), 0 error(s), 0 left on base; Buffalo 1 - Rio Grande 3
Thursday, March 30th, 2017 - OOTP Baseball 17.12 Build 75